 Seeded DCSS version 0.31-a0-507-gbafd7f5274 (webtiles) character file.

Game seed: 11267003436938285035 (custom seed)

352 innerfire43 the Ruffian (level 6, 31/42 HPs)
             Began as a Gnoll Shapeshifter on Aug 9, 2023.
             Was an Initiate of Sif Muna.
             Quit the game on level 5 of the Dungeon.
             The game lasted 00:04:44 (2991 turns).

innerfire43 the Ruffian (Gnoll Shapeshifter)        Turns: 2991, Time: 00:04:44

Health: 31/42      AC: 14    Str: 17    XL:     6   Next: 61%
Magic:  9/9        EV: 27    Int: 10    God:    Sif Muna [......]
Gold:   165        SH:  0    Dex: 12    Spells: 9/9 levels left

rFire   . .          .
                       - Unarmed
rCold   . . .        (shield currently unavailable)
rNeg    . . .        s - +4 ring mail of Context {Int+3}
rPois   .            (no helmet)
rElec   .            y - +0 cloak
rCorr   .            (no gloves)
SInv    .            (no boots)
Will    .....        h - amulet of the acrobat
Stlth   +            e - +4 ring of protection
HPRegen 0.27/turn    (no ring)
MPRegen 0.11/turn

%: acrobat
@: flux-form, acrobatic, glowing, very slow
A: glow, contaminating, reduced essence, fangs 1, strong nose, distributed
training
a: Begin Untransformation, Renounce Religion


You were on level 5 of the Dungeon.
You worshipped Sif Muna.
Sif Muna was noncommittal.
You were something dangerously unstable.
You visited 2 branches of the dungeon, and saw 6 of its levels.

You collected 165 gold pieces.

Inventory:

Armour
 a - a +0 animal skin
 s - the +4 ring mail of Context (worn) {Int+3}
   (You found it on level 3 of the Dungeon)

   Int+3:     It affects your intelligence (+3).
 y - a +0 cloak (worn)
Jewellery
 e - a +4 ring of protection (left hand)
 h - an amulet of the acrobat (around neck)
Talismans
 c - a beast talisman
 d - a flux talisman (active)
Scrolls
 g - a scroll of torment {unknown}
 i - 4 scrolls of enchant armour {unknown}
 l - 2 scrolls of enchant weapon {unknown}
 n - 2 scrolls of teleportation {unknown}
 o - 6 scrolls of identify {unknown}
 q - a scroll of amnesia {unknown}
 r - 2 scrolls of blinking {unknown}
 t - a scroll of butterflies {unknown}
 x - 2 scrolls of poison {unknown}
Potions
 b - a potion of lignification
 f - 3 potions of brilliance {unknown}
 j - a potion of invisibility {unknown}
 k - a potion of curing {unknown}
 m - a potion of heal wounds {unknown}
 p - a potion of enlightenment {unknown}
 u - a potion of attraction {unknown}
 v - a potion of haste {unknown}
 w - a potion of degeneration {unknown}


   Skills:
 + Level 3.3 Fighting
 + Level 2.1 Short Blades
 + Level 2.1 Long Blades
 + Level 2.1 Axes
 + Level 2.1 Maces & Flails
 + Level 2.1 Polearms
 + Level 2.1 Staves
 + Level 2.1 Ranged Weapons
 + Level 2.1 Throwing
 + Level 2.1 Armour
 + Level 5.0 Dodging
 + Level 2.1 Stealth
 + Level 2.1 Shields
 + Level 6.9 Unarmed Combat
 + Level 2.1 Spellcasting
 + Level 1.6 Conjurations
 + Level 1.6 Hexes
 + Level 1.6 Summonings
 + Level 1.6 Necromancy
 + Level 1.6 Translocations
 + Level 1.6 Transmutations
 + Level 1.6 Fire Magic
 + Level 1.6 Ice Magic
 + Level 1.6 Air Magic
 + Level 1.6 Earth Magic
 + Level 1.6 Poison Magic
 + Level 2.3 Invocations
 + Level 2.1 Evocations
 + Level 6.7 Shapeshifting


You had 9 spell levels left.
You didn't know any spells.
Your spell library contained the following spells:

 Spells                   Type           Power      Damage    Failure   Level
 Apportation              Tloc           8%         N/A       28%         1
 Shock                    Conj/Air       16%        1d4       28%         1
 Ensorcelled Hibernation  Hex/Ice        8%         N/A       38%         2
 Passwall                 Tmut/Erth      3%         N/A       38%         2
 Swiftness                Air            4%         N/A       63%         3
 Airstrike                Air            2%         2d(1-17)  95%         4
 Alistair's Intoxication  Tmut/Pois      2%         N/A       100%        5


Dungeon Overview and Level Annotations

Branches:
Dungeon (5/15)             Temple (1/1) D:4

Altars:
Elyvilon
Fedhas
Gozag
Hepliaklqana
Kikubaaqudgha
Makhleb
Nemelex Xobeh
Ru
Sif Muna
Trog
Uskayaw
Vehumet
Xom
Yredelemnul
Zin
The Shining One


Innate Abilities, Weirdness & Mutations

You are something dangerously unstable.
You glow with magical radiation, making you easy to see and hit.
Foes you strike become dangerously contaminated with magical radiation.
You are incapable of wielding weapons or throwing items.
Your life essence is reduced to manifest your ancestor. (-10% HP)
You have very sharp teeth.
Your uncanny sense of smell can sniff out nearby items.
Your experience applies equally to all skills.


Message History

You closely miss Grinder. Grinder hits you.
You barely miss Grinder. You hit Grinder.
Grinder begins to glow.
Grinder is lightly wounded.
Grinder hits you but does no damage.
You hit Grinder.
Grinder glows dangerously bright.
Grinder is moderately wounded.
Grinder gestures at you. You resist with significant effort.
You hit Grinder.
Grinder shudders as magic cascades through her!
Grinder twists and deforms.
Grinder is severely wounded.
Grinder hits you but does no damage.
You barely miss Grinder.
Grinder is severely wounded.
Grinder hits you but does no damage.
You closely miss Grinder. Your bite misses Grinder.
Grinder is severely wounded.
Grinder gestures at you. Pain shoots through your body!
You hit Grinder.
Grinder begins to glow.
You bite Grinder, but do no damage.
Grinder is almost dead.
Grinder misses you.
You hit Grinder.
Grinder glows dangerously bright.
Grinder is almost dead.
You hit Grinder.
Grinder shudders as magic cascades through her!!
You kill Grinder!
Sif Muna accepts your kill.
No target in view!
No target in view!
You enter the shallow water.
Moving in this stuff is going to be slow.
Saving game... please wait.
Welcome back, innerfire43 the Gnoll Shapeshifter.
Game seed: 11267003436938285035 (custom seed) Sif Muna whispers: I know many secrets...
Press ? for a list of commands and other information.
Are you sure you want to abandon this character and quit the game? (Confirm with "yes".)

#......<..#
+.........+
#.........#
####.......##
..........##
########.!.#
#..:.##....#
#._~..†.⌠..#
#...B......#
#...~~~~..##
##.~~~≈~..#
#..≈≈≈~...#
#...~~≈~...#
...⌠...~....#
#.#....$...###
#.#.###.....
.. ...#.##


There were no monsters in sight!

Vanquished Creatures
  Grinder (D:5)
  A scorpion (D:4)
  3 hounds
  An orc priest (D:3)
  A jelly (D:5)
  An iguana (D:4)
  An orc wizard (D:3)
  3 gnolls (D:3)
  3 adders
  2 worms
  3 dart slugs
  14 orcs
  6 ball pythons
  3 bats
  7 endoplasms
  3 giant cockroaches
  2 goblins
  7 hobgoblins
  2 jackals (D:1)
  5 kobolds
  2 quokkas
  5 frilled lizards
  5 rats
81 creatures vanquished.

Notes
Turn   | Place    | Note
-------+----------+-------------------------------------------
     0 | D:1      | innerfire43 the Gnoll Shapeshifter began the quest for the
                  | Orb.
     0 | D:1      | Reached XP level 1. HP: 17/17 MP: 1/1
    43 | D:1      | Reached XP level 2. HP: 4/23 MP: 2/2
   348 | D:1      | Reached XP level 3. HP: 28/28 MP: 3/3
   662 | D:2      | Reached skill level 1 in Invocations
   890 | D:2      | Reached skill level 1 in Short Blades
   890 | D:2      | Reached skill level 1 in Long Blades
   890 | D:2      | Reached skill level 1 in Axes
   890 | D:2      | Reached skill level 1 in Maces & Flails
   890 | D:2      | Reached skill level 1 in Polearms
   890 | D:2      | Reached skill level 1 in Staves
   890 | D:2      | Reached skill level 1 in Ranged Weapons
   890 | D:2      | Reached skill level 1 in Throwing
   890 | D:2      | Reached skill level 1 in Armour
   890 | D:2      | Reached skill level 1 in Stealth
   890 | D:2      | Reached skill level 1 in Shields
   890 | D:2      | Reached skill level 1 in Spellcasting
   890 | D:2      | Reached skill level 1 in Evocations
  1312 | D:3      | Identified the +4 ring mail of Context {Int+3}
  1415 | D:3      | Reached XP level 4. HP: 34/34 MP: 5/5
  1489 | D:3      | Reached skill level 1 in Conjurations
  1489 | D:3      | Reached skill level 1 in Hexes
  1489 | D:3      | Reached skill level 1 in Summonings
  1489 | D:3      | Reached skill level 1 in Necromancy
  1489 | D:3      | Reached skill level 1 in Translocations
  1489 | D:3      | Reached skill level 1 in Transmutations
  1489 | D:3      | Reached skill level 1 in Fire Magic
  1489 | D:3      | Reached skill level 1 in Ice Magic
  1489 | D:3      | Reached skill level 1 in Air Magic
  1489 | D:3      | Reached skill level 1 in Earth Magic
  1489 | D:3      | Reached skill level 1 in Poison Magic
  1569 | D:3      | Reached XP level 5. HP: 36/40 MP: 5/7
  2334 | D:4      | Found a bloodstained altar of Trog.
  2339 | D:4      | Found a staircase to the Ecumenical Temple.
  2354 | D:4      | Reached XP level 6. HP: 46/47 MP: 8/8
  2388 | D:4      | Found a hazy altar of Hepliaklqana.
  2439 | D:4      | Reached skill level 5 in Dodging
  2474 | D:4      | Became a worshipper of Hepliaklqana the Forgotten
  2652 | D:4      | Fell from the grace of Hepliaklqana
  2868 | Temple   | Entered the Ecumenical Temple
  2912 | Temple   | Became a worshipper of Sif Muna the Loreminder
  2958 | D:5      | Entered Level 5 of the Dungeon
  2962 | D:5      | Noticed Grinder
  2964 | D:5      | Found an ancient bone altar of Kikubaaqudgha.
  2989 | D:5      | Killed Grinder
  2991 | D:5      | Quit the game

Illustrated notes

Levels and vault maps discovered:
D:1:      reono_arrival_mine, layout_rooms, serial_bayou_lagoon_b
D:2:      layout_basic
D:3:      layout_loops_ring
D:4:      layout_cave_pools, mainiacjoe_overflow_cross_hatched,
          trog_butcher_becter, minmay_temple_entry_overgrown, serial_glass,
          glass_columns_c, glass_columns_b
D:5:      layout_loops_corners, kiku_gazebo_pond_becter,
          kennysheep_decorative_pillar, uniq_grinder
Temple:   nicolae_temple_figure_eight

Skill      XL: |  1  2  3  4  5  6 |
---------------+-------------------+-----
Invocations    | 1 2 |  2.3
Short Blades   | 1 2 |  2.1
Long Blades    | 1 2 |  2.1
Axes           | 1 2 |  2.1
Maces & Flails | 1 2 |  2.1
Polearms       | 1 2 |  2.1
Staves         | 1 2 |  2.1
Ranged Weapons | 1 2 |  2.1
Throwing       | 1 2 |  2.1
Armour         | 1 2 |  2.1
Stealth        | 1 2 |  2.1
Shields        | 1 2 |  2.1
Spellcasting   | 1 2 |  2.1
Evocations     | 1 2 |  2.1
Conjurations   | 1 |  1.6
Hexes          | 1 |  1.6
Summonings     | 1 |  1.6
Necromancy     | 1 |  1.6
Translocations | 1 |  1.6
Transmutations | 1 |  1.6
Fire Magic     | 1 |  1.6
Ice Magic      | 1 |  1.6
Air Magic      | 1 |  1.6
Earth Magic    | 1 |  1.6
Poison Magic   | 1 |  1.6
Fighting       | 3 |  3.3
Dodging        | 5 |  5.0
Unarmed Combat | |  6.9
Shapeshifting  | |  6.7

Action                     |  1- 3 |  4- 6 || total
---------------------------+-------+-------++-------
  Melee: Unarmed           |    89 |   188 ||   277
         Bite              |    10 |    23 ||    33
 Invoke: Renounce Religion |       |     1 ||     1
 Armour: Animal skin       |    17 |       ||    17
         Ring mail         |     1 |    70 ||    71
  Dodge: Dodged            |    59 |    92 ||   151
   Form: Flux              |     1 |       ||     1

Table legend: (Time is in decaauts)
 A = Elapsed time spent in this place.
 B = Non-inter-level travel time spent in this place.
 C = Inter-level travel time spent in this place.
 D = Time resting spent in this place.
 E = Time spent auto-exploring this place.
 F = Levels seen in this place.
 G = Mean time per level.
                   A        B        C        D        E       F      G
               +--------+--------+--------+--------+--------+-----+--------+
         Total |   2978 |   2678 |    300 |      0 |   2132 |   6 |  496.3 |
       Dungeon |   2901 |   2676 |    225 |      0 |   2132 |   5 |  580.2 |
        Temple |     77 |      2 |     75 |      0 |      0 |   1 |   77.0 |
               +--------+--------+--------+--------+--------+-----+--------+

Top non-repeatable levels by time:
     D:3: 989 daAuts
     D:2: 721 daAuts
     D:1: 601 daAuts
     D:4: 558 daAuts
  Temple: 77 daAuts
     D:5: 30 daAuts
